 Dungeon Crawl Stone Soup version 0.21-a0-591-g2314aa1 (webtiles) character file.

53 tidbits the Sneak (level 3, 1/15 HPs)
             Began as a Felid Transmuter on Dec 23, 2017.
             Quit the game on level 7 of the Dungeon.
             The game lasted 00:11:15 (908 turns).

tidbits the Sneak (Felid Transmuter)                 Turns: 908, Time: 00:11:16

Health: 1/15       AC:  1    Str:  7    XL:     3   Next: 64%
Magic:  7/7        EV: 18    Int: 14    God:
Gold:   38         SH:  0    Dex: 16    Spells: 3/6 levels left
                                        Lives:  0   Deaths: 0

rFire    . . .     SeeInvis +     - Unarmed
rCold    . . .     Gourm    .   (shield unavailable)
rNeg     . . .     Faith    .   (armour unavailable)
rPois    +         Spirit   .   (helmet unavailable)
rElec    .         Reflect  .   (cloak unavailable)
rCorr    .         Harm     .   (gloves unavailable)
MR       .....                  (boots unavailable)
Stlth    ++........             (no amulet)
HPRegen  0.05/turn              d - ring of loudness
MPRegen  0.10/turn              j - ring of poison resistance

@: quick
A: very small, no armour, no weapons or thrown items, stealth, claws 1, fangs 3,
see invisible, carnivore, speed 1, shaggy fur 1, slow metabolism 1, sharp paws
a: no special abilities


You were on level 7 of the Dungeon.
You were very full.

You visited 1 branch of the dungeon, and saw 5 of its levels.

You collected 38 gold pieces.

Inventory:

Missiles
 a - 44 arrows
Jewellery
 d - a ring of loudness (left paw)
   (You took it off a hobgoblin on level 1 of the Dungeon)
 j - a ring of poison resistance (right paw)
   (You found it on level 1 of the Dungeon)
Scrolls
 f - a scroll of noise
 g - 3 scrolls of random uselessness {unknown}
 h - a scroll of immolation {unknown}
 i - a scroll of enchant armour
 k - 2 scrolls of remove curse
 m - a scroll of magic mapping
 n - a scroll of teleportation {unknown}
Potions
 e - a potion of heal wounds
Books
 b - a book of Changes

   Spells                             Type                      Level
   a - Beastly Appendage              Transmutation                1
   b - Sticks to Snakes               Transmutation                2
   c - Spider Form                    Transmutation/Poison         3
   d - Ice Form                       Ice/Transmutation            4
   e - Blade Hands                    Transmutation                5
Comestibles
 c - 4 rations


   Skills:
 - Level 1.2 Fighting
 - Level 2.9 Dodging
 + Level 4.0 Stealth
 - Level 3.1 Unarmed Combat
 - Level 2.1 Spellcasting
 - Level 2.3 Transmutations


You had 3 spell levels left.
You knew the following spells:

 Your Spells              Type           Power        Failure   Level  Hunger
e - Beastly Appendage     Tmut           #.....       9%          1    #......
k - Sticks to Snakes      Tmut           #.......     13%         2    ###....


Dungeon Overview and Level Annotations

Branches:
Dungeon (4/15)
 Temple: D:4-7

Altars:

Annotations:
D:7 Dowan, Duvessa


Innate Abilities, Weirdness & Mutations

You cannot wear armour.
You are incapable of wielding weapons or throwing items.
Your paws allow you to move quietly. (Stealth)
You have sharp claws.
You have razor-sharp teeth.
You have supernaturally acute eyesight. (SInv)
You are carnivorous and can eat meat at any time.
You cover ground quickly.
You are covered in fur. (AC +1)
You have a slow metabolism.
Your sharp claws are effective at attacking unaware monsters.


Message History

The leopard gecko skeleton closely misses your ball python.
Your ball python bites the leopard gecko skeleton.
Your ball python grabs the leopard gecko skeleton.
Your ball python constricts the leopard gecko skeleton.
The leopard gecko skeleton bites your ball python.
Your ball python bites the leopard gecko skeleton.
Your ball python constricts the leopard gecko skeleton.
The leopard gecko skeleton is destroyed!
You swap places.
Things that are here:
a scale mail; an orc corpse; a leopard gecko corpse Butcher an orc corpse? [(y)es/(c)hoosy/(n)o/(a)ll/(e)dible/(q)uit/?]
You butcher the orc corpse.
You butcher the leopard gecko corpse.
Things that are here:
a scale mail; 2 chunks of flesh; a chunk of flesh Unknown command.
Eat one of 2 chunks of flesh? (ye/n/q)
You eat one of the 2 chunks of flesh.
This raw flesh tastes great.
Eat a chunk of flesh? (ye/n/q)
You eat the chunk of flesh.
This raw flesh tastes great.
Your horns disappear.
Your ball python withers and dies!
You see here a ration.
c - 4 rations (gained 1)
An ooze comes into view.
Casting: Sticks to Snakes
Confirm with . or Enter, or press ? or * to list all spells.
You grow a pair of large bovine horns.
You pounce on the unaware helpless ooze!
You mangle the ooze!!
You kill the ooze!
Your Stealth skill increases to level 4!
You fall through a shaft for 3 floors!
The shaft crumbles and collapses.
Casting: Beastly Appendage
Confirm with . or Enter, or press ? or * to list all spells.
You extend your transformation's duration.
As you open the door, it creaks loudly!
There is an open door here.
Your transformation is almost over.
There is an open door here.
Found 21 stones.
You see here 21 stones.
You open the door.
There is an open door here.
Your horns disappear.
There is an open door here.
You open the door.
There is an open door here.
Found 12 gold pieces.
You see here 12 gold pieces.
You now have 38 gold pieces (gained 12).
You see here 21 stones.
Found a mace.
Dowan, Brother of Duvessa comes into view.
He is wielding a dagger.
Dowan shouts!
Dowan says, "Magic and the sword, together, will defeat you."
Duvessa, Sister of Dowan comes into view.
She is wielding a short sword.
Duvessa shouts!
Dowan points at you and mumbles some strange words.
You are outlined in light.
Found 4 gold pieces.
You aren't carrying any items that you can evoke.
Unknown command.
It was a potion of ambrosia.
You are confused.
You feel invigorated.
You bump into the rock wall.
Dowan misses you. Duvessa hits you with a short sword!
Duvessa gestures with her weapon.
You bump into the rock wall.
You feel less invigorated.
You feel less confused.
Dowan points at Duvessa and mumbles some strange words.
Duvessa seems to speed up.
A bullfrog skeleton comes into view.
Duvessa misses you.
You aren't carrying any items that you can evoke.
Unknown command.
Enter note: shafted three floors
Enter note: bullshit again Duvessa hits you with a short sword.
Found a scroll of identify.
You aren't carrying any items that you can evoke.
Unknown command.
Okay, then.
You are no longer glowing.
Duvessa misses you.
Found a scroll labeled XAFYZY ESMOSHRI.
You see here a scroll of identify.
Duvessa says, "Where magic fails, the sword succeeds!"
Duvessa hits you with a short sword.
* * * LOW HITPOINT WARNING * * *
You see here a scroll labeled XAFYZY ESMOSHRI.
As you read the scroll labeled XAFYZY ESMOSHRI, it crumbles to dust.
You feel as if something is helping you.
It was a scroll of remove curse.
Duvessa hits you with a short sword.
* * * LOW HITPOINT WARNING * * *
Are you sure you want to abandon this character and quit the game? (Confirm with "yes".)

######(..#
#........#
#........#
#..###...#
#####+########...#
#.....#....#.....#
#.....#....#.....#
#.....#....'.....#
#.@...#....#.....#
#..e..##...#.....#
#.....#######....#
#.....##...##....#
#......e....#....#
###+####....#....#
#.....##....#....#
#......#....#....#
#......#....#....#


You could see Duvessa and Dowan.

Vanquished Creatures
  An ooze (D:4)
  A dart slug (D:2)
  2 leopard geckos
  A ball python (D:1)
  7 bats
  A giant cockroach (D:1)
  2 goblins (D:1)
  6 hobgoblins
  6 jackals (D:1)
  2 frilled lizards (D:1)
  A kobold (D:1)
  A quokka skeleton (D:4)
  5 rats
36 creatures vanquished.

Vanquished Creatures (collateral kills)
  An ooze (D:1)
  An orc (D:4)
  A leopard gecko skeleton (D:4)
3 creatures vanquished.

Grand Total: 39 creatures vanquished

Notes
Turn   | Place    | Note
-------+----------+-------------------------------------------
     0 | D:1      | tidbits the Felid Transmuter began the quest for the Orb.
     0 | D:1      | Reached XP level 1. HP: 9/9 MP: 4/4
    84 | D:1      | Reached XP level 2. HP: 9/12 MP: 4/6
    88 | D:1      | Learned a level 2 spell: Sticks to Snakes
   117 | D:1      | Reached skill level 1 in Stealth
   221 | D:1      | Reached skill level 2 in Stealth
   345 | D:1      | Reached XP level 3. HP: 8/15 MP: 3/7
   358 | D:1      | Reached skill level 3 in Stealth
   796 | D:4      | Reached skill level 4 in Stealth
   799 | D:4      | You fall through a shaft for 3 floors!
   869 | D:7      | Noticed Dowan
   872 | D:7      | Noticed Duvessa
   892 | D:7      | shafted three floors
   892 | D:7      | bullshit again
   907 | D:7      | HP: 1/15 [Duvessa/short sword (5)]
   908 | D:7      | Quit the game

Vault maps used:
D:1:      dpeg_arrival_orchard, corexii_hall_statues_s
D:2:      minitemple, minmay_goblin_kobold_house
D:3:      yredelemnul_forgotten_temple_becter, kennysheep_generic_room_16
D:4:      cheibrodos_quashed, lemuel_doored_altar, uniq_grinder
D:7:      grunt_temple_overflow_growth_and_decay, marbit_many_paths, the_bakery,
          minmay_misc_feat_chi, uniq_menkaure, uniq_duvessa

Skill      XL: |  1  2  3 |
---------------+----------+-----
Stealth        | 2 4 |  4.0
Fighting       | |  1.2
Dodging        | |  2.9
Unarmed Combat | |  3.1
Spellcasting   | |  2.1
Transmutations | |  2.3

Action                   || total
-------------------------++-------
Melee: Unarmed           ||    94
       Bite              ||     7
       Headbutt          ||    12
       Punch             ||     1
 Cast: Beastly Appendage ||    32
       Sticks to Snakes  ||     4
  Use: Scroll            ||     5
       Potion            ||     1
 Stab: Sleeping          ||     3
  Eat: Chunk             ||     6
Armor: Skin              ||    12
Dodge: Dodged            ||    87

Table legend:
 A = Spawn XP
 B = Non-spawn XP
 C = Spawn XP percentage of total XP
 D = Spawn monster count
 E = Non-spawn monster count
 F = Spawn count percentage of total count
 G = Total turns spent on level
                    A         B        C        D         E        F      G
               +---------+---------+-------+---------+---------+-------+---------
         Total |       0 |      77 |   0.0 |       0 |      39 |   0.0 |   908
               +---------+---------+-------+---------+---------+-------+---------
           D:1 |       0 |      50 |   0.0 |       0 |      27 |   0.0 |   422
           D:2 |       0 |      11 |   0.0 |       0 |       6 |   0.0 |   219
           D:3 |       0 |       1 |   0.0 |       0 |       1 |   0.0 |    43
           D:4 |       0 |      15 |   0.0 |       0 |       5 |   0.0 |   115
               +---------+---------+-------+---------+---------+-------+---------

Table legend:
 A = Turns spent in this place as a percentage of turns spent in the entire game.
 B = Non-inter-level travel turns spent in this place as a percentage of non-inter-level travel turns spent in the entire game.
 C = Inter-level travel turns spent in this place as a percentage of turns spent in this place.
 D = Turns resting spent in this place as a percentage of non-inter-level travel turns spent in this place.
 E = Turns spent auto-exploring this place as a percentage of non-inter-level travel turns spent in this place.
 F = Non-inter-level travel turns spent in this place divided by the number of levels of this place that you've seen.
                   A       B       C       D       E      F
               +-------+-------+-------+-------+-------+----------------------
         Total | 100.0 | 100.0 |   3.5 |   0.0 |   0.0 | 175.2
       Dungeon | 100.0 | 100.0 |   3.5 |   0.0 |   0.0 | 175.2
               +-------+-------+-------+-------+-------+----------------------

Table legend:
 A = Kills in this place as a percentage of kills in entire the game.
 B = Kills by you in this place as a percentage of kills by you in the entire game.
 C = Kills by friends in this place as a percentage of kills by friends in the entire game.
 D = Other kills in this place as a percentage of other kills in the entire game.
 E = Experience gained in this place as a percentage of experience gained in the entire game.
 F = Experience gained in this place divided by the number of levels of this place that you have seen.
                   A       B       C       D       E      F
               +-------+-------+-------+-------+-------+----------------------
         Total | 100.0 | 100.0 | 100.0 |   N/A | 100.0 |  15.4
       Dungeon | 100.0 | 100.0 | 100.0 |   N/A | 100.0 |  15.4
               +-------+-------+-------+-------+-------+----------------------

Vault maps used:
D:1:      dpeg_arrival_orchard, corexii_hall_statues_s
D:2:      minitemple, minmay_goblin_kobold_house
D:3:      yredelemnul_forgotten_temple_becter, kennysheep_generic_room_16
D:4:      cheibrodos_quashed, lemuel_doored_altar, uniq_grinder
D:7:      grunt_temple_overflow_growth_and_decay, marbit_many_paths, the_bakery,
          minmay_misc_feat_chi, uniq_menkaure, uniq_duvessa
